 Dungeon Crawl Stone Soup version 0.21.1-1-g345015fe64 (webtiles) character file.

668628 Lavandula the Metallomancer (level 27, -19/228 HPs)
             Began as a Barachi Earth Elementalist on July 6, 2018.
             Was a High Priest of Cheibriados.
             Killed from afar by a Brimstone Fiend (26 damage)
             ... with damnation
             ... on level 7 of Gehenna.
             The game lasted 04:43:32 (34438 turns).

Lavandula the Metallomancer (BaEE)                 Turns: 34438, Time: 04:43:33

Health: -19/228    AC: 29    Str: 23    XL:     27
Magic:  8/47       EV: 22    Int: 39    God:    Cheibriados [*****.]
Gold:   1375       SH:  9    Dex: 27    Spells: 9/67 levels left

rFire    + . .     SeeInvis .   v - staff of energy
rCold    . . .     Gourm    .   O - +2 buckler {AC+3}
rNeg     + + +     Faith    .   H - +1 storm dragon scales of Truth {+Fly rElec rN+++ rCorr Int-3}
rPois    .         Spirit   .   t - +2 hat {MR+}
rElec    +         Reflect  .   w - +2 cloak
rCorr    +         Harm     .   a - +2 pair of gloves {Dex+3}
MR       +++..     Clarity  +   G - +0 pair of boots
Stlth    ++........             C - amulet of regeneration
HPRegen  0.88/turn              f - ring of Qifuolan {rF+ rN+}
MPRegen  0.30/turn              L - ring of wizardry

@: can't hop, deflect missiles, very slow
A: +LOS, swims, talons 1, blink, clarity, clever 1, slowness 1, MP-powered
wands, strong legs 2
}: 6/15 runes: serpentine, barnacled, slimy, silver, icy, abyssal
a: Hop, Blink, Bend Time, Temporal Distortion, Slouch, Step From Time, Renounce
Religion, Evoke Flight


You were on level 7 of Gehenna.
You worshipped Cheibriados.
Cheibriados was extremely pleased with you.
You were not hungry.

You visited 14 branches of the dungeon, and saw 68 of its levels.
You visited the Abyss 1 time.
You visited 1 bazaar.
You also visited: Labyrinth, Trove, Sewer and Ice Cave.

You collected 7133 gold pieces.
You spent 5758 gold pieces at shops.

Inventory:

Hand Weapons
 R - the +18 lance "Wyrmbane" {slay drac, rPois rF+ rC+ AC+3}
   (You bought it in a shop on level 9 of the Dungeon)

   It affects your AC (+3).
   It protects you from fire.
   It protects you from cold.
   It protects you from poison.
Missiles
 m - 7 javelins of penetration (quivered)
 Z - 6 throwing nets
Armour
 a - a +2 pair of gloves of dexterity (worn)
 k - +2 fire dragon scales
 o - the +10 crystal plate armour of Claustrophobia {*Slow rCorr Str+5}
   (You found it in an ice cave)

   It affects your strength (+5).
   It protects you from acid and corrosion.
   It may slow you when you take damage.
 t - a +2 hat of magic resistance (worn)
 w - a +2 cloak (worn)
 G - a +0 pair of boots (worn)
 H - the +1 storm dragon scales of Truth (worn) {+Fly rElec rN+++ rCorr Int-3}
   (You bought it in a shop on level 7 of the Dungeon)

   It affects your intelligence (-3).
   It insulates you from electricity.
   It renders you almost immune to negative energy.
   It lets you fly.
   It protects you from acid and corrosion.
 O - a +2 buckler of protection (worn)
Magical Staves
 v - an uncursed staff of energy (weapon)
 D - an uncursed staff of earth
Jewellery
 f - the ring of Qifuolan (left hand) {rF+ rN+}
   (You found it on level 3 of the Crypt)

   [ring of protection from fire]

   It protects you from fire.
   It protects you from negative energy.
 g - the ring of Robustness {AC+8}
   (You found it in a treasure trove)

   [ring of protection]

   It affects your AC (+8).
 i - an uncursed ring of protection from cold
 q - a +5 ring of evasion
 r - the ring "Liun" {+Blink MP+9 Dex-4 SInv}
   (You found it in a treasure trove)

   [ring of magical power]

   It affects your dexterity (-4).
   It affects your magic capacity (+9).
   It lets you see invisible.
   It lets you blink.
 x - the ring "Inosysch" {rPois rF+ Dex+3 Stlth-}
   (You found it in a treasure trove)

   [ring of dexterity]

   It affects your dexterity (+3).
   It protects you from fire.
   It protects you from poison.
   It makes you less stealthy.
 y - the ring "Rynepamn" {Fire Str-2 Dex+2 SInv}
   (You found it in a treasure trove)

   [ring of fire]

   It enhances your fire magic.
   It affects your strength (-2).
   It affects your dexterity (+2).
   It protects you from fire.
   It makes you vulnerable to cold.
   It lets you see invisible.
 C - an amulet of regeneration (around neck)
 L - a ring of wizardry (right hand)
 S - an uncursed ring of protection from magic
Wands
 e - a wand of paralysis (25)
 p - a wand of iceblast (32)
 B - a wand of disintegration (13)
 M - a wand of digging (32)
 P - a wand of acid (5)
 T - a wand of enslavement (10)
Scrolls
 c - 2 scrolls of torment
 l - 3 scrolls of identify
 s - 15 scrolls of remove curse
 u - 2 scrolls of amnesia
 E - 4 scrolls of magic mapping
 I - 3 scrolls of fog
Potions
 b - 5 potions of lignification
 h - 3 potions of cancellation
 n - 2 potions of resistance
 z - 4 potions of curing
 A - 7 potions of agility
 N - a potion of brilliance
 U - 6 potions of might
 W - 3 potions of invisibility
Miscellaneous
 j - 4 boxes of beasts
 F - a lamp of fire
 J - a phantom mirror
 K - 2 sacks of spiders
 V - a lightning rod (4/4)
 Y - a phial of floods
Comestibles
 d - 36 rations


   Skills:
 + Level 21.0 Fighting
 - Level 12.0(12.2) Polearms
 - Level 4.5(9.7) Staves
 - Level 5.0 Throwing
 - Level 11.7 Armour
 - Level 15.3 Dodging
 + Level 8.6 Stealth
 - Level 5.9 Shields
 - Level 20.7 Spellcasting
 - Level 10.5 Conjurations
 - Level 6.2 Summonings
 - Level 12.0 Translocations
 - Level 8.5 Transmutations
 - Level 5.1 Air Magic
 - Level 21.8 Earth Magic
 - Level 13.9 Invocations
 - Level 10.0 Evocations


You had 9 spell levels left.
You knew the following spells:

 Your Spells              Type           Power        Failure   Level  Hunger
a - Sandblast             Erth           ######       0%          1    None
b - Blink                 Tloc           N/A          1%          2    None
c - Shatter               Erth           ########..   16%         9    None
d - Lee's Rapid Deconstr  Erth           ########..   0%          5    None
e - Conjure Flame         Conj/Fire      ######..     1%          3    None
f - Statue Form           Tmut/Erth      ########.    1%          6    None
g - Apportation           Tloc           ######       0%          1    None
h - Summon Lightning Spi  Summ/Air       ######..     1%          4    None
i - Mephitic Cloud        Conj/Pois/Air  ######..     1%          3    None
j - Iron Shot             Conj/Erth      ########..   1%          6    None
k - Passage of Golubria   Tloc           N/A          1%          4    None
l - Deflect Missiles      Chrm/Air       ######....   52%         6    None
m - Sublimation of Blood  Necr           #####.....   1%          2    None
n - Shroud of Golubria    Chrm/Tloc      ######....   1%          2    None
o - Summon Butterflies    Summ           ######..     1%          1    None
p - Regeneration          Chrm/Necr      #####.....   4%          3    None


Dungeon Overview and Level Annotations

Branches:
Dungeon (15/15)            Temple (1/1) D:6            Lair (6/6) D:9
 Shoals (4/4) Lair:3        Snake (4/4) Lair:3        Slime (5/5) Lair:6
    Orc (2/2) D:12            Elf (0/3) Orc:2        Vaults (5/5) D:13
  Crypt (3/3) Vaults:2       Tomb (0/3) Crypt:3      Depths (2/5) D:15
   Hell (1/1)                 Geh (7/7) Hell            Coc (7/7) Hell
    Tar (7/7) Hell
    Dis: Hell:1

Altars:
Ashenzari
Cheibriados
Elyvilon
Fedhas
Gozag
Hepliaklqana
Kikubaaqudgha
Makhleb
Nemelex Xobeh
Okawaru
Qazlal
Ru
Sif Muna
Trog
Uskayaw
Vehumet
Wu Jian
Xom
Yredelemnul
The Shining One
Beogh
Jiyva

Shops:
D:5 (   D:7 *   D:9 (   D:13 =   Orc:2 :[[*   Shoals:3 [}[?!

Portals:
Hell: Depths:2
Abyss: Depths:1

Annotations:
D:6 terminal's ghost, novice HuFi
D:8 Grum
Coc:7 Antaeus
Tar:7 Serpent of Hell


Innate Abilities, Weirdness & Mutations

Shadows flee at your approach. (+LOS)
You can swim through water.
You cover ground slowly.
You can hop long distances.
You have sharp toenails.
You can translocate small distances at will.
You possess an exceptional clarity of mind.
Your mind is acute. (Int +2)
You expend magic power (3 MP) to strengthen your wands.


Message History

Unknown command.
You channel some magical energy.
You feel slightly more hungry.
Okay, then.
Unknown command.
Nothing appears to happen.
You don't have enough magic at the moment.
Unknown command.
Nothing appears to happen.
Unknown command.
Nothing appears to happen.
The Brimstone Fiend gestures at you.
The sphere of damnation explodes!
The damnation engulfs you!
* * * LOW HITPOINT WARNING * * *
Unknown command.
Okay, then.
Okay, then.
You channel some magical energy.
You feel slightly more hungry. The Brimstone Fiend gestures at you.
The sphere of damnation explodes!
The damnation engulfs you!
You die...

##≈§.......)..)....1.≈≈§≈
##≈≈≈................≈≈≈≈
##§§..........)1....§.≈≈≈
##≈≈≈.≈.......))....≈.≈≈≈
##≈≈≈≈.....)..#.......≈≈≈
##≈≈§≈≈...)).##.......≈≈§
##≈§≈≈≈....)..........§≈≈
##≈≈≈≈≈≈.))..#........≈.≈
##≈§≈§≈.@................
##≈≈§≈≈≈§..............≈.
##§§§§≈≈≈≈.............§≈
##§§§≈≈≈≈≈...............
##§≈≈§≈§≈.≈.......)......
##≈§§≈≈§≈≈≈≈.............
##§≈≈≈§§≈§≈......÷.......
##≈≈§§≈§≈≈§.........#....
##≈≈≈≈≈≈≈≈≈≈.........# ..


You could see a Brimstone Fiend.

Vanquished Creatures
  the Royal Jelly (Slime:5)
  5 ancient liches
  Mara (Depths:1)
  Sojobo (Depths:1)
  Frederick (Vaults:5)
  Boris (Vaults:5)
  Saint Roka (Depths:1)
  7 shard shrikes (Coc:7)
  The ghost of RepoMan the Pyromancer, a veteran DgFE (Vaults:5)
  A caustic shrike (Depths:1)
  A golden dragon (Vaults:5)
  Geryon (Hell)
  7 bone dragons
  5 doom hounds
  4 Tzitzimimeh
  6 Brimstone Fiends
  6 Ice Fiends (Coc:7)
  Rupert (D:14)
  5 tentacled monstrosities
  A quicksilver dragon (Vaults:4)
  4 titans (Vaults:5)
  13 liches
  An Executioner (Tar:4)
  20 acid blobs
  A sphinx (shapeshifter) (Vaults:5)
  3 ancient champions
  The ghost of Htamos the Severer, an adept HOFi of Beogh (Shoals:4)
  5 sphinxes
  Gastronok (Lair:2)
  13 tengu reavers
  A tentacled starspawn (Abyss:5)
  3 storm dragons
  4 shadow dragons
  A shadow dragon (shapeshifter) (Vaults:5)
  6 fire giants
  Kirke (Snake:1)
  Donald (Snake:3)
  A revenant (Crypt:3)
  8 azure jellies
  Ilsuiw (Shoals:4)
  7 nagarajas
  8 frost giants
  7 balrugs
  An orc warlord (Orc:1)
  3 deep elf sorcerers
  A cacodemon (Abyss:5)
  2 curse skulls
  An iron dragon (Hell)
  10 vault wardens
  Aizul (Snake:3)
  3 ghouls (Crypt:2)
  An elemental wellspring (Coc:7)
  25 reapers
  An ophan (Abyss:5)
  8 ironheart preservers
  6 very ugly things
  2 entropy weavers (Vaults:4)
  7 war gargoyles
  13 stone giants
  2 deep elf demonologists
  A lorocyproca (Hell)
  3 deep elf annihilators
  4 vampire knights
  An eidolon (Crypt:2)
  9 blizzard demons
  8 ettins
  5 merfolk javelineers
  4 deep elf death magi
  A minotaur (Lab)
  6 quicksilver dragon zombies
  9 merfolk impalers
  5 fire dragons
  A green death (Hell)
  3 death oozes
  13 ogre magi
  6 great orbs of eyes
  2 naga warriors (Snake:4)
  Erolcha (D:9)
  Josephine (D:11)
  3 hydras
  6 jiangshi
  8 yaktaur captains
  35 vault guards
  A deep elf high priest (Vaults:5)
  3 quicksilver dragon skeletons
  A kraken zombie (Coc:7)
  A catoblepas (D:14)
  13 ice dragons
  A ghost crab (Tar:5)
  4 merfolk aquamancers
  A merfolk avatar (Shoals:1)
  14 anacondas (Snake:4)
  43 two-headed ogres
  A death yak (IceCv)
  2 death knights
  6 centaur warriors
  Erica (D:11)
  An orc high priest (Orc:1)
  2 deep troll shamans
  20 hell hogs
  2 titan zombies (Geh:7)
  4 vampire magi
  3 deep troll earth magi
  6 shock serpents
  4 thrashing horrors (Abyss:5)
  4 tengu warriors
  3 deep elf knights
  15 sun demons
  3 wretched stars (Abyss:5)
  A fire crab (Lair:6)
  2 naga sharpshooters (Snake:4)
  2 storm dragon zombies (Tar:6)
  16 soul eaters
  104 skeletal warriors
  2 shadow wraiths
  A titan skeleton (Geh:6)
  An iron troll (Depths:1)
  A salamander mystic (Snake:4)
  5 flayed ghosts
  35 hell knights
  An entropy weaver zombie (Crypt:2)
  10 starcursed masses (Abyss:5)
  5 storm dragon skeletons
  An unseen horror (shapeshifter) (Depths:1)
  7 deep trolls
  2 sixfirhies (Abyss:5)
  8 anaconda zombies
  A naga ritualist (Snake:2)
  A ghost moth zombie (Coc:7)
  5 shadow demons
  9 unseen horrors
  3 golden dragon zombies
  2 anaconda skeletons
  6 glowing orange brains
  12 sea snakes
  2 shadow dragon zombies
  A wizard (Abyss:5)
  Pikel (D:7)
  A deep elf archer (Vaults:1)
  12 harpies
  A harpy (shapeshifter) (Vaults:4)
  11 ironbrand convokers
  11 necromancers
  10 phantasmal warriors
  5 wolf spider zombies
  8 orc knights
  A golden dragon skeleton (Geh:3)
  4 iron dragon zombies
  A frost giant zombie (Geh:7)
  3 stone giant zombies
  2 wolf spiders
  3 shadow dragon skeletons
  4 human zombies
  2 shining eyes
  An oklob plant (Lair:5)
  6 fauns
  A mana viper (Snake:2)
  4 orc sorcerers
  An iron dragon skeleton (Coc:3)
  21 ugly things
  12 deep elf magi
  3 salamanders
  4 cyclopes
  7 manticores
  3 fire giant zombies
  A salamander (shapeshifter) (Vaults:5)
  9 fire giant skeletons
  18 elephants
  8 guardian serpents (Snake:4)
  A centaur zombie (D:13)
  7 vault sentinels
  2 shock serpent zombies
  Joseph (D:8)
  2 eyes of devastation
  An apocalypse crab (Abyss:5)
  3 frost giant skeletons
  2 dire elephant zombies
  5 merfolk sirens
  An ice statue (IceCv)
  A titan simulacrum (Vaults:3)
  11 molten gargoyles
  5 naga magi
  An orange demon (Abyss:5)
  3 water nymphs
  11 spiny frogs
  2 stone giant skeletons
  8 smoke demons
  5 gargoyles
  14 black mambas
  4 rust devils (Hell)
  2 shock serpent skeletons
  A red draconian zombie (Crypt:2)
  6 dire elephant skeletons
  16 hellions
  A yaktaur zombie (Vaults:4)
  4 komodo dragons (Lair:6)
  A pale draconian zombie (Crypt:2)
  10 rime drakes
  27 ice devils
  An efreet (Geh:2)
  A komodo dragon (shapeshifter) (Depths:1)
  2 demonic crawlers (Hell)
  2 emperor scorpion zombies
  17 freezing wraiths
  21 yaktaurs
  A queen ant zombie (Crypt:2)
  4 harpy zombies
  16 red devils
  A queen bee (D:14)
  6 ancient zymes (Abyss:5)
  A tengu conjurer (Depths:1)
  9 tormentors
  3 guardian mummies (Crypt:3)
  A human skeleton (Vaults:4)
  A silent spectre (Tar:6)
  3 meliai (D:14)
  12 polar bears
  5 hydra zombies
  A meliai (shapeshifter) (Abyss:5)
  2 jumping spiders (Vaults:4)
  2 catoblepas skeletons
  6 large abominations (Abyss:5)
  11 trolls
  Prince Ribbit (D:7)
  20 merfolk
  3 hornets
  12 raiju (Abyss:5)
  16 blink frogs
  4 dream sheep (Shoals:1)
  2 snapping turtles
  3 harpy skeletons
  3 wind drakes
  2 alligator zombies
  4 fire dragon zombies
  10 hippogriffs
  3 bog bodies
  3 hydra skeletons
  An iron dragon simulacrum (Hell)
  70 slime creatures
  Grinder (D:6)
  A frost giant simulacrum (Hell)
  A human simulacrum (Vaults:4)
  4 ettin zombies
  A stone giant simulacrum (Abyss:5)
  95 flying skulls
  An ice dragon zombie (Coc:7)
  21 shadows
  Sigmund (D:6)
  27 wraiths
  3 alligator skeletons
  2 black mamba zombies
  11 fire dragon skeletons
  2 redbacks (Vaults:4)
  4 ettin skeletons
  A spriggan (shapeshifter) (Vaults:3)
  12 water elementals
  An ice dragon skeleton (Tar:2)
  38 yaks
  6 wyverns
  A black mamba skeleton (Coc:7)
  An ushabti (Crypt:3)
  2 ynoxinuls (Abyss:5)
  3 hogs (Snake:1)
  10 fire bats
  7 basilisks
  10 hungry ghosts
  14 fire elementals
  3 vampire mosquitoes (D:15)
  10 steam dragons
  5 chaos spawn (Abyss:5)
  3 neqoxecs (Abyss:5)
  Edmund (D:4)
  10 wargs
  A merfolk zombie (Tar:5)
  19 nagas
  7 water moccasins
  7 acid dragons
  17 hell hounds
  11 spiny frog zombies
  A floating eye (shapeshifter) (Vaults:5)
  A hydra simulacrum (Coc:3)
  A deep troll skeleton (Crypt:1)
  34 orc warriors
  A porcupine (Lair:3)
  Duvessa (D:4)
  6 spiny frog skeletons
  A black bear (D:8)
  10 necrophages
  5 eyes of draining
  2 sky beasts
  5 snapping turtle zombies
  8 ice beasts
  A slave (D:7)
  A hornet zombie (D:13)
  2 swamp dragon zombies
  An alligator simulacrum (Coc:3)
  15 wolves
  A wolf (shapeshifter) (Abyss:5)
  5 phantoms
  53 ogres
  4 boggarts (Vaults:1)
  4 centaurs
  2 swamp dragon skeletons
  2 snapping turtle skeletons
  8 crocodiles
  3 manticore skeletons
  2 big kobolds
  A big kobold (shapeshifter) (Abyss:5)
  18 bullfrogs
  2 elf skeletons
  A wyvern zombie (D:10)
  A spiny frog simulacrum (Coc:5)
  A small abomination (Abyss:5)
  A scorpion (D:5)
  Dowan (D:4)
  A water moccasin skeleton (D:6)
  22 killer bees
  20 wights
  A raiju skeleton (Crypt:2)
  A spriggan skeleton (Crypt:3)
  A howler monkey (shapeshifter) (Vaults:5)
  A howler monkey (D:11)
  2 electric eels (Lair:2)
  5 lava snakes (Lair:6)
  17 crimson imps
  A quasit (D:8)
  3 bullfrog zombies
  9 hounds
  28 orc priests
  A bullfrog skeleton (D:12)
  15 jellies
  21 orc wizards
  Crazy Yiuf (D:4)
  5 iron imps
  2 iguanas
  7 worker ants
  A demigod zombie (Crypt:2)
  An ogre zombie (Coc:6)
  A naga skeleton (Crypt:3)
  An ogre skeleton (Crypt:2)
  8 mummies
  4 gnolls (D:6)
  3 howler monkey zombies
  A howler monkey skeleton (D:4)
  12 adders
  10 shadow imps
  11 white imps
  8 oozes
  2 adder skeletons
  2 adder zombies
  2 worms (D:4)
  A dart slug (D:2)
  11 leopard geckos
  94 orcs
  3 bats
  20 giant cockroaches
  2 goblins
  2 hobgoblins (D:1)
  5 jackals
  7 kobolds
  4 quokkas
  10 ball pythons (Sewer)
  A ball python skeleton (D:4)
  7 frilled lizards
  A hobgoblin zombie (Crypt:2)
  A jackal skeleton (D:5)
  A jackal zombie (D:6)
  A leopard gecko skeleton (D:8)
  A quokka skeleton (D:8)
  A quokka zombie (D:5)
  5 rats
  A starspawn tentacle (Abyss:5)
2409 creatures vanquished.

Vanquished Creatures (collateral kills)
  The ghost of Htamos the Slayer, an adept HOFi of Beogh (Vaults:2)
  2 acid blobs (Slime:5)
  A nagaraja (Snake:4)
  A death ooze (Slime:5)
  A rakshasa (Vaults:2)
  A naga warrior (Snake:4)
  A shadow demon (Tar:7)
  3 shining eyes
  2 slime creatures
  A naga mage (Snake:4)
  2 guardian serpents (Snake:4)
  An eye of devastation (Slime:5)
  A yak (IceCv)
  2 starcursed masses (Abyss:5)
  A chaos spawn (Abyss:5)
  A hungry ghost (D:9)
  7 nagas (Snake:4)
  An eye of draining (Slime:5)
  A wolf (IceCv)
  An orc priest (D:9)
  An orc (Orc:1)
33 creatures vanquished.

Vanquished Creatures (others)
  An eldritch tentacle (Coc:7)
  A reaper (Geh:7)
  A vampire knight (Depths:1)
  A deep troll (Depths:1)
  A phantasmal warrior (Vaults:5)
  A spiny frog (shapeshifter) (Vaults:3)
  3 hellions (Geh:7)
  2 polar bears (IceCv)
  A flying skull (Geh:6)
  A shadow (Geh:7)
  2 chaos spawn (Abyss:5)
  2 large abominations (Abyss:5)
  A hell hound (Hell)
  An orc warrior (Orc:1)
  A slave (D:7)
  A snapping turtle zombie (Geh:6)
  4 wights (Geh:7)
  A worker ant (D:7)
  An adder (D:7)
  2 bushes (Lair:6)
  12 fungi (Lair:6)
  14 plants
  6 starspawn tentacles (Abyss:5)
  4 tentacles (Coc:6)
65 creatures vanquished.

Grand Total: 2507 creatures vanquished

Notes
Turn   | Place    | Note
-------+----------+-------------------------------------------
     0 | D:1      | Lavandula the Barachi Earth Elementalist began the quest for the Orb.
     0 | D:1      | Reached XP level 1. HP: 13/13 MP: 3/3
    64 | D:1      | Reached XP level 2. HP: 19/19 MP: 0/5
   101 | D:2      | Found a shimmering altar of Xom.
   295 | D:2      | Reached XP level 3. HP: 24/24 MP: 3/7
   301 | D:2      | Learned a level 3 spell: Stone Arrow
   565 | D:4      | Reached XP level 4. HP: 29/30 MP: 2/10
   637 | D:4      | Noticed Edmund
   648 | D:4      | Noticed Duvessa
   704 | D:4      | Noticed Dowan
   711 | D:4      | Killed Dowan
   711 | D:4      | Reached XP level 5. HP: 35/35 MP: 8/12
   713 | D:4      | Killed Duvessa
   713 | D:4      | Reached skill level 5 in Spellcasting
   713 | D:4      | Reached XP level 6. HP: 29/41 MP: 7/14
   774 | D:4      | HP: 2/41 [iguana (11)]
   979 | D:4      | Found a white marble altar of Elyvilon.
  1058 | D:4      | Found a deep blue altar of Sif Muna.
  1059 | D:4      | Found a radiant altar of Vehumet.
  1097 | D:4      | Reached skill level 5 in Earth Magic
  1097 | D:4      | Reached XP level 7. HP: 46/46 MP: 12/16
  1150 | D:4      | Found a glowing drain.
  1162 | Sewer    | Entered a sewer
  1185 | Sewer    | Learned a level 4 spell: Petrify
  1191 | Sewer    | Learned a level 5 spell: Lee's Rapid Deconstruction
  2135 | D:4      | Killed Edmund
  2135 | D:4      | Reached XP level 8. HP: 18/52 MP: 2/17
  2200 | D:4      | Found a runed door.
  2242 | D:4      | Noticed Crazy Yiuf
  2284 | D:4      | Killed Crazy Yiuf
  2284 | D:4      | Reached skill level 1 in Staves
  2356 | D:5      | Entered Level 5 of the Dungeon
  2565 | D:5      | Found Cuqedgh's Antique Weapon Boutique.
  2834 | D:5      | Reached skill level 1 in Fighting
  3050 | D:6      | Noticed terminal's ghost (novice HuFi)
  3122 | D:6      | Found an ornate altar of the Wu Jian Council.
  3286 | D:6      | Reached skill level 5 in Fighting
  3317 | D:6      | Reached XP level 9. HP: 68/68 MP: 5/18
  3347 | D:6      | Noticed Sigmund
  3360 | D:6      | Found a staircase to the Ecumenical Temple.
  3503 | D:7      | Found Isuwnuos's General Store.
  3510 | D:7      | Bought a scroll of noise for 14 gold pieces
  3510 | D:7      | Bought a potion of resistance for 140 gold pieces
  3518 | D:7      | Bought a potion of agility for 56 gold pieces
  3654 | Temple   | Entered the Ecumenical Temple
  3738 | Temple   | Became a worshipper of Cheibriados the Contemplative
  3800 | D:6      | Killed Sigmund
  3873 | D:6      | Noticed Grinder
  3878 | D:6      | Killed Grinder
  4064 | D:7      | Noticed Pikel
  4069 | D:7      | Killed Pikel
  4125 | D:7      | Reached * piety under Cheibriados
  4144 | D:7      | Reached skill level 10 in Earth Magic
  4269 | D:7      | Noticed Prince Ribbit
  4272 | D:7      | Killed Prince Ribbit
  4272 | D:7      | Reached skill level 5 in Dodging
  4272 | D:7      | Reached XP level 10. HP: 74/74 MP: 9/19
  4525 | D:8      | Reached ** piety under Cheibriados
  4531 | D:8      | Got a translucent rapier
  4927 | D:8      | Found an opulent altar of Gozag.
  5013 | D:8      | Noticed Joseph
  5019 | D:8      | Killed Joseph
  5059 | D:8      | Noticed Grum
  5156 | D:9      | Learned a level 3 spell: Conjure Flame
  5199 | D:9      | Reached *** piety under Cheibriados
  5207 | D:9      | Noticed Erolcha
  5210 | D:9      | Killed Erolcha
  5288 | D:9      | Noticed a two-headed ogre
  5294 | D:9      | Killed a two-headed ogre
  5429 | D:9      | Found a staircase to the Lair.
  5435 | D:9      | Reached XP level 11. HP: 42/80 MP: 6/22
  5481 | D:9      | Found Xyixt's Antique Weapon Emporium.
  5492 | D:9      | Reached skill level 1 in Armour
  5522 | D:9      | Noticed a two-headed ogre
  5529 | D:9      | Killed a two-headed ogre
  5621 | D:10     | Entered Level 10 of the Dungeon
  5637 | D:10     | Found a shimmering altar of Xom.
  5692 | D:10     | Reached skill level 5 in Armour
  5750 | D:10     | Reached **** piety under Cheibriados
  5797 | D:10     | Noticed a two-headed ogre
  5802 | D:10     | Killed a two-headed ogre
  5833 | D:11     | Noticed a two-headed ogre
  5835 | D:11     | Killed a two-headed ogre
  5838 | D:11     | Noticed a two-headed ogre
  6069 | D:11     | Found a frozen archway.
  6071 | D:11     | Noticed Erica
  6076 | D:11     | Killed Erica
  6088 | IceCv    | Entered an ice cave
  6094 | IceCv    | Reached ***** piety under Cheibriados
  6715 | IceCv    | Got a shimmering crystal plate armour
  6723 | IceCv    | Reached XP level 12. HP: 96/96 MP: 13/24
  6732 | IceCv    | Reached skill level 10 in Fighting
  6980 | IceCv    | Noticed a death yak
  7005 | IceCv    | Killed a death yak
  7012 | IceCv    | Reached skill level 10 in Spellcasting
  7223 | IceCv    | Noticed a frost giant
  7233 | IceCv    | Killed a frost giant
  7321 | D:11     | Found a blossoming altar of Fedhas.
  7340 | D:11     | Reached ****** piety under Cheibriados
  7499 | D:11     | Noticed Josephine
  7508 | D:11     | Killed Josephine
  7566 | D:11     | Killed a two-headed ogre
  7566 | D:11     | Gained mutation: You can hop long distances. [Barachi growth]
  7566 | D:11     | Reached XP level 13. HP: 51/103 MP: 9/29
  7786 | D:12     | Identified the +10 crystal plate armour of Claustrophobia {*Slow rCorr Str+5} (You found it in an ice cave)
  7816 | D:12     | Reached skill level 1 in Polearms
  7867 | D:12     | Noticed Rupert
  7891 | D:12     | Got a smoking spear
  8035 | D:12     | Found a staircase to the Orcish Mines.
  8082 | Orc:1    | Entered Level 1 of the Orcish Mines
  8411 | Orc:1    | Reached skill level 5 in Polearms
  8556 | Orc:1    | Noticed an orc warlord
  8628 | Orc:1    | Killed an orc warlord
  8751 | Orc:1    | Found a roughly hewn altar of Beogh.
  9051 | Orc:2    | Entered Level 2 of the Orcish Mines
  9074 | Orc:2    | Reached skill level 1 in Invocations
  9075 | Orc:2    | Noticed an ettin
  9153 | Orc:2    | Found a staircase to the Elven Halls.
  9451 | Orc:1    | Reached skill level 5 in Invocations
  9725 | Orc:2    | Noticed an ogre mage
  9738 | Orc:2    | Killed an ettin
  9738 | Orc:2    | Reached XP level 14. HP: 110/110 MP: 28/30
 10067 | Orc:2    | Found Sissy's Antique Armour Boutique.
 10067 | Orc:2    | Found Teomnugu's Book Shoppe.
 10068 | Orc:2    | Found Upoxo's Assorted Antiques.
 10068 | Orc:2    | Found Laeh's Antique Armour Boutique.
 10666 | D:14     | Found a labyrinth entrance.
 10684 | Lab      | Entered a labyrinth
 10832 | Lab      | Identified Qonim's Disquisition on the Lucky Rocks
 10835 | Lab      | Identified the +9 rapier of the Unspeakable One {freeze, rC- Str-5 Int+9 Dex+5} (You found it on level 8 of the Dungeon)
 10837 | Lab      | Identified the +6 spear "Avient" {drain, +Fly Str-3 Dex+3} (You found it on level 12 of the Dungeon)
 10838 | Lab      | Gained mutation: You evolve. [potion of mutation]
 10838 | Lab      | Gained mutation: You are covered in fur. (AC +1) [potion of mutation]
 10850 | D:15     | Entered Level 15 of the Dungeon
 10988 | D:14     | Reached skill level 10 in Polearms
 11025 | D:13     | Found Coybruv's Jewellery Shoppe.
 11089 | D:13     | Found a gate to the Vaults.
 11161 | D:12     | Gained mutation: Your mind is acute. (Int +2) [evolution]
 11161 | D:12     | Lost mutation: You evolve. [end of evolution]
 11285 | Lair:1   | Entered Level 1 of the Lair of Beasts
 11302 | Lair:1   | Learned a level 6 spell: Statue Form
 11498 | Lair:2   | Noticed Gastronok
 11517 | Lair:2   | Killed Gastronok
 11517 | Lair:2   | Reached XP level 15. HP: 115/115 MP: 27/31
 11545 | Lair:3   | Found a hazy altar of Hepliaklqana.
 11709 | Lair:5   | Reached skill level 10 in Armour
 11807 | Lair:3   | Found a staircase to the Snake Pit.
 12531 | D:9      | Bought the +8 lance "Wyrmbane" {slay drac, rPois rF+ rC+ AC+3} for 1939 gold pieces
 12531 | D:9      | Found the +8 lance "Wyrmbane" {slay drac, rPois rF+ rC+ AC+3}
 13192 | Lair:6   | Entered Level 6 of the Lair of Beasts
 13400 | Lair:6   | Found a staircase to the Slime Pits.
 13632 | Lair:6   | Found a large runed door.
 13633 | Lair:6   | Found a large runed door.
 13745 | Lair:6   | Reached skill level 10 in Dodging
 13977 | Lair:6   | Reached XP level 16. HP: 118/122 MP: 17/32
 14164 | Lair:3   | Found a staircase to the Shoals.
 14169 | Shoals:1 | Entered Level 1 of the Shoals
 14486 | Shoals:2 | Learned a level 1 spell: Summon Butterflies
 14491 | Shoals:2 | Learned a level 4 spell: Summon Lightning Spire
 14609 | Shoals:2 | Reached skill level 5 in Transmutations
 14622 | Shoals:3 | Found Tauves's Magic Scroll Boutique.
 14624 | Shoals:3 | Found Rale's Gadget Boutique.
 14627 | Shoals:3 | Found Ceiromei's Antique Armour Boutique.
 14694 | Shoals:3 | Found Zobo's Distillery.
 14710 | Shoals:3 | Bought a potion of degeneration for 19 gold pieces
 14710 | Shoals:3 | Bought a potion of might for 76 gold pieces
 14710 | Shoals:3 | Bought a potion of might for 76 gold pieces
 14710 | Shoals:3 | Bought a potion of agility for 76 gold pieces
 14710 | Shoals:3 | Bought a potion of heal wounds for 95 gold pieces
 14710 | Shoals:3 | Bought a potion of heal wounds for 95 gold pieces
 14710 | Shoals:3 | Bought a potion of heal wounds for 95 gold pieces
 14725 | Shoals:3 | Got a bloodstained scale mail
 14736 | Shoals:3 | Identified the +6 scale mail of Freedom {-Tele MR++ Regen+} (You found it on level 3 of the Shoals)
 14815 | Shoals:3 | Bought a scroll of teleportation for 45 gold pieces
 14860 | Shoals:3 | Found Meroog's Armour Emporium.
 14917 | Shoals:4 | Entered Level 4 of the Shoals
 15313 | Shoals:4 | Noticed Htamos's ghost (adept HOFi)
 15314 | Shoals:4 | Noticed Ilsuiw
 15338 | Shoals:4 | Killed Ilsuiw
 15343 | Shoals:4 | Killed Htamos's ghost
 15481 | Shoals:4 | Reached XP level 17. HP: 77/135 MP: 28/33
 15512 | Shoals:4 | Got a barnacled rune of Zot
 15643 | Snake:1  | Entered Level 1 of the Snake Pit
 15660 | Snake:1  | Noticed Kirke
 15687 | Snake:1  | Killed Kirke
 15827 | Snake:2  | Reached skill level 1 in Air Magic
 16165 | Snake:3  | Noticed Aizul
 16166 | Snake:3  | Noticed Donald
 16178 | Snake:3  | Killed Aizul
 16181 | Snake:3  | Killed Donald
 16207 | Snake:3  | Got a pitted scale mail
 16221 | Snake:3  | Identified the cursed +1 scale mail "Vuatolaq" {rPois rCorr Int-4 Dex+7} (You found it on level 3 of the Snake Pit)
 16235 | Snake:4  | Entered Level 4 of the Snake Pit
 16284 | Snake:4  | Reached skill level 5 in Air Magic
 16300 | Snake:4  | Reached skill level 1 in Summonings
 16700 | Snake:4  | Reached skill level 5 in Summonings
 17492 | Snake:4  | Reached skill level 1 in Throwing
 17847 | Snake:4  | Reached XP level 18. HP: 146/146 MP: 23/34
 17898 | Snake:4  | Reached skill level 5 in Throwing
 17905 | Snake:4  | Got a serpentine rune of Zot
 18222 | Slime:1  | Entered Level 1 of the Pits of Slime
 18597 | Lair:6   | Reached skill level 5 in Evocations
 19052 | Lair:1   | Learned a level 3 spell: Mephitic Cloud
 19059 | Lair:1   | Learned a level 6 spell: Iron Shot
 19158 | Vaults:1 | Entered Level 1 of the Vaults
 19338 | Vaults:2 | Noticed Htamos's ghost (adept HOFi)
 19373 | Vaults:2 | Killed Htamos's ghost
 19373 | Vaults:2 | Reached skill level 10 in Invocations
 19666 | Vaults:3 | Reached skill level 5 in Conjurations
 19850 | Vaults:1 | Found a portal to a secret trove of treasure.
 19925 | Vaults:2 | Found a staircase to the Crypt.
 19940 | Crypt:1  | Entered Level 1 of the Crypt
 20005 | Crypt:1  | Reached skill level 1 in Shields
 20219 | Crypt:2  | Reached skill level 5 in Shields
 20233 | Crypt:2  | Reached XP level 19. HP: 128/152 MP: 14/35
 20591 | Crypt:3  | Entered Level 3 of the Crypt
 20901 | Crypt:3  | Reached skill level 15 in Earth Magic
 20934 | Crypt:3  | Noticed a bone dragon
 20950 | Crypt:3  | Killed a bone dragon
 20991 | Crypt:3  | Got a bound silver ring
 20993 | Crypt:3  | Identified the ring "Ekauvaff" {EV+3 Int+4} (You found it on level 3 of the Crypt)
 20997 | Crypt:3  | Got a transparent golden ring
 20998 | Crypt:3  | Identified the ring of Pimeol {Fire Str+7} (You found it on level 3 of the Crypt)
 21111 | Crypt:3  | Found the +12 glaive of Prune {chop}
 21356 | Crypt:3  | Got a clouded golden ring
 21358 | Crypt:3  | Identified the ring of Qifuolan {rF+ rN+} (You found it on level 3 of the Crypt)
 21363 | Crypt:3  | Identified Kikubaaqudgha's Grimoire of Evil Secrets
 21372 | Crypt:3  | Learned a level 7 spell: Haunt
 21402 | Crypt:3  | Noticed an Ice Fiend
 21874 | Crypt:3  | Found a staircase to the Tomb.
 21875 | Crypt:3  | Noticed a lich
 21884 | Crypt:3  | Killed a lich
 21888 | Crypt:3  | Noticed an ancient lich
 21913 | Crypt:3  | Killed an ancient lich
 21920 | Crypt:3  | Noticed an ancient lich
 21931 | Crypt:3  | Killed an ancient lich
 22100 | Crypt:2  | Reached XP level 20. HP: 159/159 MP: 32/36
 22273 | Vaults:3 | Found a gateway to a bazaar.
 22281 | Bazaar   | Entered a bazaar
 22281 | Bazaar   | Found Tuwkapn's Antique Weapon Shop.
 22281 | Bazaar   | Found Bidusott's Antique Armour Shop.
 22323 | Bazaar   | Found Tuninoph's General Store.
 22332 | Bazaar   | Bought a scroll of teleportation for 27 gold pieces
 22332 | Bazaar   | Bought a scroll of magic mapping for 31 gold pieces
 22346 | Bazaar   | Bought a pair of smoking gloves for 209 gold pieces
 22358 | Bazaar   | Identified the cursed +0 pair of gloves "Suotrull" {-Cast rElec rCorr Int+4} (You bought it in a shop in a bazaar)
 22365 | Bazaar   | Bought a pair of runed gloves for 165 gold pieces
 22370 | Bazaar   | Bought a polished scale mail for 198 gold pieces
 22382 | Bazaar   | Identified the +2 scale mail "Xedghie" {MR+} (You bought it in a shop in a bazaar)
 22711 | Vaults:4 | Reached skill level 15 in Spellcasting
 22732 | Vaults:4 | Learned a level 6 spell: Deflect Missiles
 23286 | Lair:1   | Learned a level 9 spell: Shatter
 23291 | Lair:1   | Learned a level 4 spell: Passage of Golubria
 23516 | Slime:2  | Reached XP level 21. HP: 98/165 MP: 38/41
 24288 | Slime:5  | Entered Level 5 of the Pits of Slime
 24727 | Slime:5  | Found a viscous altar of Jiyva.
 24734 | Slime:5  | Noticed the Royal Jelly
 24745 | Slime:5  | Killed the Royal Jelly
 25018 | Slime:5  | Learned a level 2 spell: Sublimation of Blood
 25031 | Slime:5  | Got a distressingly furry leather armour
 25042 | Slime:5  | Identified the +0 leather armour "Gegiach" {rN+ Dex+6} (You found it on level 5 of the Pits of Slime)
 25054 | Slime:5  | Got a slimy rune of Zot
 25074 | Slime:5  | Got a twisted scale mail
 25085 | Slime:5  | Identified the +3 scale mail "Guumuxev" {rC+ SInv} (You found it on level 5 of the Pits of Slime)
 25113 | Slime:5  | Identified Uluucana's Incunabulum of the Frostbite
 25135 | Slime:5  | Identified the +2 chain mail of the Aged Lovers {-Tele +Fly Regen+ Dex+4} (You found it on level 5 of the Pits of Slime)
 25440 | D:13     | Learned a level 2 spell: Blink
 25443 | D:13     | Learned a level 2 spell: Shroud of Golubria
 25661 | Vaults:5 | Entered Level 5 of the Vaults
 25661 | Vaults:5 | Noticed an ancient lich
 25663 | Vaults:5 | Killed an ancient lich
 25663 | Vaults:5 | Reached XP level 22. HP: 172/172 MP: 24/43
 25678 | Vaults:5 | Noticed RepoMan's ghost (veteran DgFE)
 25809 | Vaults:5 | Identified a scroll of acquirement
 26093 | Vaults:5 | Noticed a golden dragon
 26103 | Vaults:5 | Killed a golden dragon
 26119 | Vaults:5 | Lost mutation: Your mind is acute. (Int +2) [potion of mutation]
 26119 | Vaults:5 | Lost mutation: You are covered in fur. (AC +1) [potion of mutation]
 26119 | Vaults:5 | Gained mutation: You can translocate small distances at will. [potion of mutation]
 26119 | Vaults:5 | Gained mutation: You have sharp toenails. [potion of mutation]
 26119 | Vaults:5 | Gained mutation: You possess an exceptional clarity of mind. [potion of mutation]
 26119 | Vaults:5 | Gained mutation: Your mind is acute. (Int +2) [potion of mutation]
 26130 | Vaults:5 | Reached skill level 15 in Fighting
 26192 | Vaults:5 | Noticed Boris
 26200 | Vaults:5 | Killed Boris
 26223 | Vaults:5 | Noticed Frederick
 26431 | Vaults:5 | Reached XP level 23. HP: 162/184 MP: 15/44
 26630 | Vaults:5 | Killed Frederick
 27082 | Vaults:5 | Got a silver rune of Zot
 27208 | Vaults:5 | Killed RepoMan's ghost
 27251 | Vaults:5 | Identified the Incunabulum of Confrontation
 27358 | Vaults:5 | Identified Sorcery, Part Six
 27367 | Vaults:5 | Noticed an ancient lich
 27400 | Vaults:5 | Cast into level 5 of the Abyss (an ancient lich)
 27400 | Abyss:5  | Entered Level 5 of the Abyss
 27791 | Abyss:5  | Found a shattered altar of Ashenzari.
 27814 | Abyss:5  | Found a shattered altar of Ashenzari.
 27893 | Abyss:5  | Reached skill level 5 in Stealth
 27912 | Abyss:5  | Gained mutation: You expend magic power (3 MP) to strengthen your wands. [a neqoxec]
 28125 | Abyss:5  | Got an abyssal rune of Zot
 28147 | Vaults:5 | Escaped the Abyss
 28157 | Vaults:5 | Killed an ancient lich
 28157 | Vaults:5 | Reached XP level 24. HP: 198/201 MP: 33/44
 28432 | Orc:2    | Bought a book of Cantrips for 340 gold pieces
 28434 | Orc:2    | Learned a level 1 spell: Apportation
 28435 | Orc:2    | Bought a book of Necromancy for 510 gold pieces
 28594 | D:7      | Bought the cursed +1 storm dragon scales of Truth {+Fly rElec rN+++ rCorr Int-3} for 1510 gold pieces
 28594 | D:7      | Bought a throwing net for 42 gold pieces
 28887 | D:14     | Killed Rupert
 28923 | D:15     | Found a burning altar of Makhleb.
 29043 | D:15     | Found a staircase to the Depths.
 29050 | D:15     | Learned a level 3 spell: Regeneration
 29052 | Depths:1 | Entered Level 1 of the Depths
 29118 | Depths:1 | Noticed Mara
 29124 | Depths:1 | Paralysed by something for 6 turns
 29180 | Depths:1 | Noticed Lavandula's illusion
 29281 | Depths:1 | Killed Mara
 29351 | Depths:1 | Noticed Saint Roka
 29354 | Depths:1 | Killed Saint Roka
 29407 | Depths:1 | Found a one-way gate to the infinite horrors of the Abyss.
 29422 | Depths:1 | Noticed a caustic shrike
 29422 | Depths:1 | Noticed Sojobo
 29424 | Depths:1 | Killed a caustic shrike
 29446 | Depths:1 | Killed Sojobo
 29465 | Depths:1 | Found the +7 Singing Sword
 29528 | Depths:2 | Found a gateway to Hell.
 29561 | Hell     | Entered the Vestibule of Hell
 29561 | Hell     | Noticed Geryon
 29746 | Hell     | Reached XP level 25. HP: 184/207 MP: 25/47
 29747 | Hell     | Killed Geryon
 29966 | Hell     | Found a gateway to the freezing wastes of Cocytus.
 29992 | Coc:1    | Entered Level 1 of Cocytus
 29992 | Coc:1    | Found a gateway to Hell.
 30027 | Coc:2    | Found a gateway to Hell.
 30075 | Coc:2    | Reached skill level 15 in Dodging
 30149 | Coc:2    | Found a gateway to Hell.
 30178 | Coc:3    | Found a gateway to Hell.
 30303 | Coc:4    | Found a gateway to Hell.
 30303 | Coc:4    | Found a gateway to Hell.
 30307 | Coc:4    | Noticed a shard shrike
 30310 | Coc:5    | Found a gateway to Hell.
 30310 | Coc:5    | Found a gateway to Hell.
 30314 | Coc:5    | Found a gateway to Hell.
 30314 | Coc:5    | Found a gateway to Hell.
 30324 | Coc:5    | Reached skill level 1 in Translocations
 30434 | Coc:6    | Reached skill level 5 in Translocations
 30451 | Coc:6    | Found a gateway to Hell.
 30451 | Coc:6    | Found a gateway to Hell.
 30463 | Coc:7    | Entered Level 7 of Cocytus
 30463 | Coc:7    | Found a gateway to Hell.
 30463 | Coc:7    | Found a gateway to Hell.
 30463 | Coc:7    | Found a gateway to Hell.
 30675 | Coc:7    | Noticed a shard shrike
 30675 | Coc:7    | Noticed a shard shrike
 30675 | Coc:7    | Noticed a shard shrike
 30675 | Coc:7    | Noticed a shard shrike
 30676 | Coc:7    | Killed a shard shrike
 30676 | Coc:7    | Killed a shard shrike
 30677 | Coc:7    | Killed a shard shrike
 30677 | Coc:7    | Killed a shard shrike
 30677 | Coc:7    | Reached skill level 10 in Translocations
 30769 | Coc:7    | Noticed a shard shrike
 30770 | Coc:7    | Noticed a shard shrike
 30774 | Coc:7    | Killed a shard shrike
 30786 | Coc:7    | Killed a shard shrike
 30807 | Coc:7    | Noticed a shard shrike
 30809 | Coc:7    | Killed a shard shrike
 30809 | Coc:7    | Reached XP level 26. HP: 161/214 MP: 25/47
 31044 | Coc:7    | Noticed Antaeus
 31055 | Coc:7    | Got an icy rune of Zot
 31153 | Hell     | Found a gateway to the decaying netherworld of Tartarus.
 31174 | Tar:1    | Entered Level 1 of Tartarus
 31174 | Tar:1    | Found a gateway to Hell.
 31238 | Tar:2    | Found a gateway to Hell.
 31270 | Tar:2    | You fall through a shaft for 2 floors!
 31453 | Tar:5    | Found a gateway to Hell.
 31584 | Tar:5    | Reached skill level 10 in Evocations
 31783 | Tar:6    | Found a gateway to Hell.
 32190 | Tar:7    | Entered Level 7 of Tartarus
 32193 | Tar:7    | Found a gateway to Hell.
 32194 | Tar:7    | Noticed an ancient lich
 32197 | Tar:7    | Killed an ancient lich
 32205 | Tar:7    | Reached XP level 27. HP: 87/219 MP: 21/47
 32221 | Tar:7    | Found a gateway to Hell.
 32288 | Tar:7    | Noticed the Serpent of Hell
 32649 | Vaults:1 | You paid a toll of the horn of Geryon to enter a treasure trove
 32650 | Trove    | Entered a treasure trove
 32653 | Trove    | Found the ring of Robustness {AC+8}
 32657 | Trove    | Got a steaming bone ring
 32659 | Trove    | Identified the ring "Liun" {+Blink MP+9 Dex-4 SInv} (You found it in a treasure trove)
 32661 | Trove    | Got a brightly glowing bronze ring
 32663 | Trove    | Identified the ring of Doubts {rElec rF+} (You found it in a treasure trove)
 32667 | Trove    | Got a sparkling pewter ring
 32668 | Trove    | Identified the ring of Inisosoz {rN+ AC+3 Int+3 Dex-3} (You found it in a treasure trove)
 32683 | Trove    | Got a faintly glowing zirconium amulet
 32684 | Trove    | Identified the amulet of Cheibriados's Reproof {Harm *Drain rElec Str+4} (You found it in a treasure trove)
 32698 | Trove    | Got a warped lapis lazuli ring
 32699 | Trove    | Identified the ring "Inosysch" {rPois rF+ Dex+3 Stlth-} (You found it in a treasure trove)
 32713 | Trove    | Got a transparent glass ring
 32714 | Trove    | Identified the ring "Rynepamn" {Fire Str-2 Dex+2 SInv} (You found it in a treasure trove)
 33027 | Hell     | Found a gateway to the ashen valley of Gehenna.
 33037 | Geh:1    | Entered Level 1 of Gehenna
 33037 | Geh:1    | Found a gateway to Hell.
 33040 | Geh:1    | You fall through a shaft!
 33044 | Geh:3    | Found a gateway to Hell.
 33135 | Geh:3    | Found a gateway to Hell.
 33199 | Geh:4    | Found a gateway to Hell.
 33238 | Geh:5    | Found a gateway to Hell.
 33238 | Geh:5    | Found a gateway to Hell.
 33427 | Geh:2    | Found a gateway to Hell.
 33432 | Geh:2    | Found a gateway to Hell.
 33445 | Geh:3    | Found a gateway to Hell.
 33463 | Geh:5    | Found a gateway to Hell.
 33469 | Geh:6    | Found a gateway to Hell.
 33629 | Geh:6    | Found a gateway to Hell.
 33758 | Geh:7    | Entered Level 7 of Gehenna
 33758 | Geh:7    | Found a gateway to Hell.
 33758 | Geh:7    | Found a gateway to Hell.
 33758 | Geh:7    | Found a gateway to Hell.
 33925 | Geh:7    | Reached skill level 10 in Conjurations
 34437 | Geh:7    | HP: 6/228 [Brimstone Fiend/damnation (33)]
 34438 | Geh:7    | Killed from afar by a Brimstone Fiend

Skill      XL: |  1  2  3  4  5  6  7  8  9 10 11 12 13 14 15 16 17 18 19 20 21 22 23 24 25 26 27 |
---------------+----------------------------------------------------------------------------------+-----
Spellcasting   | 3 4 5 6 7 8 12 16 17 20 | 20.7
Earth Magic    | 5 6 7 10 12 13 17 19 20 21 | 21.8
Evocations     | 2 5 10 | 10.0
Staves         | 4 |  4.5
Fighting       | 5 9 10 12 14 16 19 21 | 21.0
Dodging        | 5 8 10 11 12 13 15 | 15.3
Conjurations   | 4 6 10 | 10.5
Armour         | 8 9 11 | 11.7
Polearms       | 7 11 12 | 12.0
Invocations    | 6 8 10 13 | 13.9
Transmutations | 8 |  8.5
Air Magic      | 5 |  5.1
Summonings     | 6 |  6.2
Throwing       | 4 5 |  5.0
Shields        | 5 |  5.9
Stealth        | 8 |  8.6
Translocations | 11 12 | 12.0

Action                   |  1- 3 |  4- 6 |  7- 9 | 10-12 | 13-15 | 16-18 | 19-21 | 22-24 | 25-27 || total
-------------------------+-------+-------+-------+-------+-------+-------+-------+-------+-------++-------
Melee: Spear             |     2 |     2 |       |       |   801 |       |       |       |       ||   805
       Quarterstaff      |       |       |   203 |   173 |     6 |       |       |       |       ||   382
       Short sword       |       |       |     5 |       |       |       |       |       |       ||     5
       Lance             |       |       |       |       |   494 |  1361 |  1319 |   965 |  1852 ||  5991
       Kick              |       |       |       |       |       |       |       |     4 |     6 ||    10
       Staff             |       |       |       |       |       |       |       |       |     9 ||     9
Throw: Javelin           |       |       |       |     2 |     4 |     7 |     1 |     1 |     3 ||    18
 Cast: Sandblast         |    28 |    53 |    37 |   141 |    23 |    11 |       |       |       ||   293
       Stone Arrow       |       |       |    82 |    65 |   101 |     6 |     1 |       |       ||   255
       Lee's Rapid Decon |       |       |    17 |    43 |    55 |    39 |    53 |    38 |     8 ||   253
       Conjure Flame     |       |       |       |     2 |     2 |     7 |     2 |       |       ||    13
       Petrify           |       |       |       |       |    27 |    10 |     1 |       |       ||    38
       Summon Lightning  |       |       |       |       |       |    13 |     9 |     3 |     1 ||    26
       Statue Form       |       |       |       |       |       |     5 |    25 |     1 |     1 ||    32
       Mephitic Cloud    |       |       |       |       |       |     1 |       |       |       ||     1
       Deflect Missiles  |       |       |       |       |       |       |     4 |    10 |     5 ||    19
       Shatter           |       |       |       |       |       |       |     1 |    61 |    72 ||   134
       Iron Shot         |       |       |       |       |       |       |     1 |     8 |    32 ||    41
       Shroud of Golubri |       |       |       |       |       |       |       |    11 |     3 ||    14
       Blink             |       |       |       |       |       |       |       |     1 |     6 ||     7
       Sublimation of Bl |       |       |       |       |       |       |       |    55 |    79 ||   134
       Regeneration      |       |       |       |       |       |       |       |     7 |    66 ||    73
       Passage of Golubr |       |       |       |       |       |       |       |       |    60 ||    60
       Apportation       |       |       |       |       |       |       |       |       |     2 ||     2
       Summon Butterflie |       |       |       |       |       |       |       |       |     1 ||     1
Invok: Bend Time         |       |       |       |     2 |       |     3 |       |       |       ||     5
       Slouch            |       |       |       |     1 |     6 |    12 |     7 |     7 |    12 ||    45
       Step From Time    |       |       |       |       |       |       |       |       |     9 ||     9
       Temporal Distorti |       |       |       |       |       |       |       |       |     4 ||     4
 Abil: Hop               |     1 |     2 |     7 |     8 |     9 |    13 |     6 |    13 |    15 ||    74
       End Transformatio |       |       |       |       |       |       |     3 |       |     1 ||     4
Evoke: Wand              |       |     4 |     5 |     6 |     6 |     3 |     3 |    11 |     7 ||    45
       Phial of floods   |       |       |       |     2 |     1 |       |       |     1 |     1 ||     5
       Lightning rod     |       |       |       |       |     4 |     4 |       |       |       ||     8
       Phantom mirror    |       |       |       |       |       |       |     1 |       |       ||     1
       Staff of energy   |       |       |       |       |       |       |       |       |   113 ||   113
       Lamp of fire      |       |       |       |       |       |       |       |       |     1 ||     1
  Use: Scroll            |     3 |     3 |     1 |     5 |    24 |     7 |    13 |    19 |     9 ||    84
       Potion            |       |     2 |       |     2 |     2 |     1 |     6 |    14 |    10 ||    37
 Stab: Sleeping          |     2 |       |     2 |     1 |       |       |     2 |       |     3 ||    10
       Distracted        |       |       |     1 |       |       |    13 |     7 |     4 |     1 ||    26
       Petrified         |       |       |       |       |    33 |    10 |       |     5 |       ||    48
       Petrifying        |       |       |       |       |     6 |     1 |       |       |       ||     7
       Paralysed         |       |       |       |       |       |       |       |       |    11 ||    11
  Eat: Chunk             |       |     1 |    14 |     9 |    16 |     7 |     4 |    17 |     2 ||    70
       Ration            |       |       |     2 |     3 |     1 |     3 |     3 |     2 |    12 ||    26
Armor: Robe              |     2 |     4 |    90 |    15 |       |       |       |       |       ||   111
       Scale mail        |       |       |       |   105 |     2 |    14 |       |       |       ||   121
       Crystal plate arm |       |       |       |       |   764 |   454 |   128 |   108 |       ||  1454
       Skin              |       |       |       |       |       |    36 |   223 |    17 |    13 ||   289
       Leather armour    |       |       |       |       |       |     5 |    14 |    58 |       ||    77
       Fire dragon scale |       |       |       |       |       |       |       |    36 |       ||    36
       Storm dragon scal |       |       |       |       |       |       |       |    55 |   641 ||   696
Dodge: Dodged            |     3 |    14 |   206 |   289 |   789 |   892 |   852 |   609 |  1204 ||  4858
       Deflected         |       |       |       |       |       |       |    26 |    72 |    58 ||   156
Block: Buckler           |       |       |       |       |       |     9 |   336 |   238 |   673 ||  1256
